 Dungeon Sprint DCSS version 0.27.1 (webtiles) character file.

Game seed: 13912749246606777985

235 styxcanada the Unseen (level 5, -3/26 (28) HPs)
             Began as a Spriggan Brigand on Aug 22, 2021.
             Was an Initiate of Gozag.
             Slain by a spriggan (4 damage)
             ... in the Dungeon (Sprint IV: "Fedhas' Mad Dash").
             The game lasted 00:02:00 (137 turns).

styxcanada the Unseen (Spriggan Brigand)             Turns: 137, Time: 00:02:01

HP:   -3/26 (28)    AC:  3    Str:  7    XL:     5   Next: 76%
MP:   5/6           EV: 20    Int: 12    God:    Gozag
Gold: 110           SH:  0    Dex: 18    Spells: 4/4 levels left

rFire    . . .     SeeInvis +   a - +2 dagger
rCold    . . .     Faith    .   (shield restricted)
rNeg     . . .     Spirit   .   b - +0 robe
rPois    .         Reflect  .   (helmet restricted)
rElec    .         Harm     .   c - +0 cloak
rCorr    .         Rampage  .   (gloves unavailable)
Will     .....     NoTele   +   (boots unavailable)
Stlth    ++++++....             l - amulet of invisibility {+Inv}
HPRegen  0.08/turn              (no ring)
MPRegen  0.10/turn              (no ring)

@: very slightly contaminated, drained, invisible (expiring), very quick
A: very small, no large weapons, unfitting armour, see invisible, speed 3
a: Renounce Religion, Evoke Invisibility, Potion Petition, Call Merchant, Bribe
Branch


You were in the Dungeon.
You worshipped Gozag.
Gozag was aware of your devotion.
You visited 1 branch You collected 110 gold pieces.

Inventory:

Hand Weapons
 a - a +2 dagger (weapon)
Missiles
 d - 7 poisoned darts (quivered)
 e - 2 curare-tipped darts
 m - 15 stones
Armour
 b - a +0 robe (worn)
 c - a +0 cloak (worn)
Jewellery
 l - the amulet of invisibility (around neck) {+Inv}
   (You found it in the Dungeon)

   [amulet of nothing]

   +Inv:      It lets you turn invisible.
Scrolls
 k - a scroll of blinking
Potions
 f - a potion of curing
 g - a potion of heal wounds
 h - 2 potions of haste
 i - 2 potions of magic
 j - a potion of berserk rage


   Skills:
 * Level 3.4 Fighting
 + Level 3.4 Short Blades
 + Level 2.9 Throwing
 * Level 5.2 Dodging
 * Level 15.3 Stealth
 * Level 2.2 Evocations


You had 4 spell levels left.
You didn't know any spells.
Your spell library contained the following spells:

 Spells                   Type           Power      Damage    Failure   Level
 Ozocubu's Armour         Ice            0%         N/A       69%         3
 Ozocubu's Refrigeration  Ice            0%         4d5       100%        7


Dungeon Overview and Level Annotations

Branches:
Dungeon (1/1)

Altars:
Cheibriados
Dithmenos
Elyvilon
Gozag
Hepliaklqana
Kikubaaqudgha
Makhleb
Nemelex Xobeh
Okawaru
Qazlal
Ru
Sif Muna
Trog
Uskayaw
Vehumet
Wu Jian
Xom
Yredelemnul
Zin
The Shining One
Beogh
Jiyva
Lugonu


Innate Abilities, Weirdness & Mutations

You are very small and have problems with some larger weapons.
You are too small for most types of armour.
You have supernaturally acute eyesight. (SInv)
You cover ground extremely quickly. (Speed+++)


Message History

A spriggan is wielding a +0 dagger of draining.
Found 34 gold pieces.
There is an open door here.
The spriggan shouts!
The scorpion closely misses you.
You see here 10 gold pieces.
The spriggan misses you.
The spriggan shouts!
You hit the scorpion.
The scorpion is moderately wounded.
The spriggan hits you with a +0 dagger of draining.
You feel drained. The scorpion barely misses you.
Unknown command.
You hit the scorpion but do no damage.
The scorpion is moderately wounded.
The spriggan completely misses you. The spriggan misses you.
You strike the helpless scorpion from behind!
You impale the scorpion!!
You kill the scorpion!
The spriggan hits you with a +0 dagger!
Your life force feels restored.
Your Dodging skill increases to level 5!
Your Stealth skill increases to level 15!
Your Evocations skill increases to level 2!
The spriggan barely misses you.
You see here 82 gold pieces.
You flicker for a moment.
There is an open door here.
There is an open door here.
Throw: 8 darts (poison)
Press: ? - help, Q - select action, (/) - cycle Shift-Dir - straight line, f - spriggan
Aim: a spriggan, wielding a +0 dagger of draining and wearing a +0 robe (36% to hit)
You throw a poisoned dart.
The poisoned dart completely misses the spriggan.
The poisoned dart barely misses the spriggan.
The spriggan hits you with a +0 dagger of draining!
* * * LOW HITPOINT WARNING * * *
You feel drained.
You die...
Your body crumbles into a pile of gold.

##########################
....#.⌠._._._._.⌠.#..'$..#
#...'.._._._._._@ii.$#$.$#
$
#...#..._._._._...#..###+#
##+##.._._._._._..#.)# $
#._._._._._.⌠.#### $
$############### $ $ $$ $


You could see 2 spriggans.

Vanquished Creatures
  2 scorpions (D)
  3 oklob saplings (D)
  A river rat (D)
  A rat (D)
7 creatures vanquished.

Notes
Turn   | Place    | Note
-------+----------+-------------------------------------------
     0 | D        | styxcanada the Spriggan Brigand began the quest for the
                  | Orb.
     0 | D        | Reached XP level 1. HP: 10/10 MP: 2/2
     9 | D        | Reached skill level 7 in Stealth
     9 | D        | Reached XP level 2. HP: 13/15 MP: 3/3
    10 | D        | Reached skill level 8 in Stealth
    35 | D        | Noticed an oklob sapling
    37 | D        | Killed an oklob sapling
    38 | D        | Reached skill level 10 in Stealth
    38 | D        | Reached XP level 3. HP: 18/18 MP: 4/4
    39 | D        | Noticed a scorpion
    39 | D        | Found the amulet of invisibility {+Inv}
    41 | D        | Killed a scorpion
    42 | D        | Reached skill level 12 in Stealth
    42 | D        | Reached XP level 4. HP: 23/23 MP: 5/5
    64 | D        | Found an opulent altar of Gozag.
    64 | D        | Found a hazy altar of Hepliaklqana.
    64 | D        | Found a burning altar of Makhleb.
    64 | D        | Found a sparkling altar of Nemelex Xobeh.
    64 | D        | Found a snail-covered altar of Cheibriados.
    64 | D        | Found a sacrificial altar of Ru.
    64 | D        | Found a shimmering blue altar of Sif Muna.
    64 | D        | Found a shimmering altar of Xom.
    64 | D        | Found a basalt altar of Yredelemnul.
    65 | D        | Found a viscous altar of Jiyva.
    65 | D        | Found a bloodstained altar of Trog.
    65 | D        | Found an ornate altar of the Wu Jian Council.
    66 | D        | Found an iron altar of Okawaru.
    66 | D        | Found a shadowy altar of Dithmenos.
    66 | D        | Found a glowing silver altar of Zin.
    67 | D        | Found an ancient bone altar of Kikubaaqudgha.
    67 | D        | Found a hide-covered altar of Uskayaw.
    68 | D        | Found a stormy altar of Qazlal.
    68 | D        | Found a white marble altar of Elyvilon.
    68 | D        | Found a glowing golden altar of the Shining One.
    69 | D        | Became a worshipper of Gozag Ym Sagoz the Greedy
    70 | D        | Found a corrupted altar of Lugonu.
    70 | D        | Found a radiant altar of Vehumet.
    77 | D        | Reached skill level 13 in Stealth
    77 | D        | Reached XP level 5. HP: 28/28 MP: 3/6
   121 | D        | Reached skill level 14 in Stealth
   121 | D        | Reached skill level 1 in Evocations
   130 | D        | Reached skill level 5 in Dodging
   130 | D        | Reached skill level 15 in Stealth
   137 | D        | HP: 1/28 [spriggan (13)]
   137 | D        | Slain by a spriggan

Illustrated notes

Levels and vault maps discovered:
D:        dungeon_sprint_fedhas [sprint_temple]

Skill      XL: |  1  2  3  4  5 |
---------------+----------------+-----
Dodging        | 2 3 4 5 |  5.2
Stealth        | 7 10 12 13 15 | 15.3
Fighting       | 2 3 |  3.4
Short Blades   | 3 |  3.4
Evocations     | 2 |  2.2
Throwing       | |  2.9

Action                   |  1- 3 |  4- 6 || total
-------------------------+-------+-------++-------
Melee: Dagger            |     4 |     8 ||    12
Throw: Dart              |       |     1 ||     1
 Abil: Evoke Invisibilit |       |     2 ||     2
 Stab: Sleeping          |     3 |     1 ||     4
       Invisible         |       |     2 ||     2
Dodge: Dodged            |       |     6 ||     6
